 Dungeon Crawl Stone Soup version 0.29-a0-666-g26d293caef (webtiles) character file.

Game seed: 6990294953075097043

140 NoAnimeNoLife the Changer (level 5, -9/49 HPs)
             Began as an Octopode Transmuter on June 23, 2022.
             Mangled by a gnoll sergeant
             ... wielding the +3 woodcutter's axe {vorpal}
              (15 damage)
             ... on level 2 of the Dungeon.
             The game lasted 00:03:55 (4261 turns).

NoAnimeNoLife the Changer (Octopode Transmuter)     Turns: 4261, Time: 00:03:55

Health: -9/49      AC: 22    Str:  9    XL:     5   Next: 23%
Magic:  8/8        EV:  2    Int: 17    God:
Gold:   83         SH:  0    Dex: 13    Spells: 2/8 levels left

rFire   . . .      SeeInvis .     - Unarmed
rCold   . . .      Faith    .   (no shield)
rNeg    . . .      Spirit   .   (helmet currently unavailable)
rPois   +          Reflect  .   (no amulet)
rElec   .          Harm     .   (no ring)
rCorr   .          Rampage  .   (no ring)
Will    .....      NoTele   +   (no ring)
Stlth   +.........              (no ring)
HPRegen 0.16/turn               (no ring)
MPRegen 0.11/turn               (no ring)
                                (no ring)
                                (no ring)

@: tree-form
A: stationary, stasis, torment immunity, boosted hp, almost no armour,
(amphibious), 8 rings, (camouflage 1), (gelatinous body 1), (nimble swimmer 1),
(tentacles)
a: no special abilities


You were on level 2 of the Dungeon.
You were a tree.
You visited 1 branch of the dungeon, and saw 2 of its levels.

You collected 83 gold pieces.

Inventory:

Scrolls
 d - a scroll of teleportation {unknown}
 e - a scroll of magic mapping {unknown}
 f - a scroll of fear {unknown}
 g - 4 scrolls of identify {unknown}
 h - a scroll of immolation {unknown}
Potions
 b - a potion of might {unknown}
 c - a potion of heal wounds {unknown}


   Skills:
 + Level 1.1 Fighting
 - Level 2.0 Dodging
 + Level 0.4 Stealth
 + Level 3.0 Unarmed Combat
 - Level 2.0 Spellcasting
 - Level 3.8 Transmutations
 - Level 3.8 Poison Magic


You had 2 spell levels left.
You knew the following spells:

 Your Spells              Type           Power      Damage    Failure   Level
a - Beastly Appendage     Tmut           28%        N/A       4%          1
b - Wereblood             Tmut           14%        N/A       6%          2
c - Spider Form           Tmut/Pois      14%        N/A       12%         3

Your spell library contained the following spells:

 Spells                   Type           Power      Damage    Failure   Level
 Foxfire                  Conj/Fire      4%         2x1d4     19%         1
 Conjure Flame            Conj/Fire      1%         6-21      50%         3
 Inner Flame              Hex/Fire       1%         N/A       50%         3
 Ice Form                 Ice/Tmut       8%         N/A       65%         4
 Flame Wave               Conj/Fire      1%         2d4       88%         4


Dungeon Overview and Level Annotations

Branches:
Dungeon (2/15)

Altars:

Shops:
D:1 :


Innate Abilities, Weirdness & Mutations

You are a tree.
Your roots penetrate the ground, keeping you stationary.
You cannot be teleported.
You are immune to unholy pain and torment.
Your maximum health is greatly increased.
You cannot wear most types of armour.
((You are amphibious.))
You can wear up to eight rings at the same time.
((Your skin changes colour to match your surroundings (Stealth+).))
((Your rubbery body absorbs attacks. (AC +1, EV +1)))
((You are camouflaged when in or above water. (Stealth+)))
((You have tentacles for arms and can constrict up to eight enemies at once.))


Message History

Ouch! That really hurt!
* * * LOW HITPOINT WARNING * * *
Press: ? - help, v - describe, . - travel, g - get item
Here: a gnoll sergeant, wielding the +3 woodcutter's axe {vorpal} and wearing a +0 scale mail (lightly wounded, constricted by you) Item here: 8 gold pieces.
The floor, spattered with blood.
Unknown command.
Okay, then.
Really quaff the potion of lignification?
Okay, then.
Really quaff the potion of lignification?
Your tentacle spike disappears.
You turn into a tree.
Your roots penetrate the ground.
You lose your grip on the gnoll sergeant.
The gnoll sergeant hits you but does no damage.
You smack the gnoll sergeant!
The gnoll sergeant is heavily wounded.
You hit the gnoll sergeant.
The gnoll sergeant is heavily wounded.
The gnoll sergeant hits you with the +3 woodcutter's axe {vorpal}.
* * * LOW HITPOINT WARNING * * *
x2 You hit the gnoll sergeant but do no damage.
The gnoll sergeant is heavily wounded.
The gnoll sergeant hits you but does no damage.
You barely miss the gnoll sergeant.
The gnoll sergeant is heavily wounded.
The gnoll sergeant hits you but does no damage.
You hit the gnoll sergeant.
The gnoll sergeant is severely wounded.
The gnoll sergeant hits you but does no damage.
You completely miss the gnoll sergeant.
The gnoll sergeant is severely wounded.
The gnoll sergeant hits you but does no damage.
You hit the gnoll sergeant but do no damage.
The gnoll sergeant is severely wounded.
The gnoll sergeant hits you but does no damage.
You smack the gnoll sergeant!
The gnoll sergeant is almost dead.
The gnoll sergeant hits you with the +3 woodcutter's axe {vorpal}!
You die...

##......#.# .##..##...#
#.##.##...# .#.##..#..#####
♣♣♣♣ #.#.##..#.....## ♣...
##.#.####)###..# ♣♣♣..# ##
.##.#.###.# ##.# ♣♣♣.)..#...
#.##.#.##<# #÷###♣♣)...♣.#..g
.#.##.#.### #..♣g...)....'.
#.#.##.#.######..#♣♣)).♣..#...
.#.##.#.##....#### ♣♣♣....#...
#.##.#.##.....#######♣♣♣..# #
.##.#.##............## ♣)...
##.#.##.......####...# ♣♣♣♣
#.#.###...###### #####
.#.##...)......#
#.###..........#


You could see a gnoll sergeant.

Vanquished Creatures
  4 gnolls (D:2)
  4 adders (D:2)
  2 dart slugs
  2 worms (D:2)
  7 ball pythons
  4 endoplasms (D:1)
  5 giant cockroaches
  5 goblins
  8 hobgoblins
  2 kobolds
  5 bats
  3 frilled lizards
  4 rats
55 creatures vanquished.

Notes
Turn   | Place    | Note
-------+----------+-------------------------------------------
     0 | D:1      | NoAnimeNoLife the Octopode Transmuter began the quest for
                  | the Orb.
     0 | D:1      | Reached XP level 1. HP: 13/13 MP: 3/3
    17 | D:1      | Found a faded altar of an unknown god.
    31 | D:1      | Reached skill level 1 in Poison Magic
   464 | D:1      | Reached XP level 2. HP: 18/18 MP: 3/5
   598 | D:1      | Found Ufeyple's Book Shoppe.
  1027 | D:1      | Reached XP level 3. HP: 23/23 MP: 4/6
  1264 | D:1      | Learned a level 2 spell: Wereblood
  1268 | D:1      | Learned a level 3 spell: Spider Form
  2453 | D:2      | Reached XP level 4. HP: 20/28 MP: 5/7
  3745 | D:2      | Reached XP level 5. HP: 15/33 MP: 5/8
  4261 | D:2      | Mangled by a gnoll sergeant

Illustrated notes

Levels and vault maps discovered:
D:1:      dpeg_arrival_rooms_b, layout_rooms,
          hellmonk_ecumenical_altar_pennies_from_heaven, serial_shops, shop
D:2:      minmay_inner_zag, layout_rooms, pf_guarded_unrand_woodcutter

Skill      XL: |  1  2  3  4 |
---------------+-------------+-----
Poison Magic   | 1 2 3 |  3.8
Transmutations | 3 |  3.8
Fighting       | |  1.1
Dodging        | |  2.0
Stealth        | |  0.4
Unarmed Combat | |  3.0
Spellcasting   | |  2.0

Action                   |  1- 3 |  4- 6 || total
-------------------------+-------+-------++-------
Melee: Unarmed           |    73 |    66 ||   139
       Constrict         |    19 |    12 ||    31
       Tentacles         |    14 |    11 ||    25
       Kick              |    10 |    10 ||    20
       Punch             |     1 |     1 ||     2
 Cast: Beastly Appendage |    20 |     6 ||    26
       Spider Form       |       |     2 ||     2
  Use: Scroll            |     1 |       ||     1
       Potion            |       |     1 ||     1
 Stab: Sleeping          |     2 |     3 ||     5
Armor: Skin              |     4 |    14 ||    18
Dodge: Dodged            |    35 |    45 ||    80

Table legend: (Time is in decaauts)
 A = Elapsed time spent in this place.
 B = Non-inter-level travel time spent in this place.
 C = Inter-level travel time spent in this place.
 D = Time resting spent in this place.
 E = Time spent auto-exploring this place.
 F = Levels seen in this place.
 G = Mean time per level.
                   A        B        C        D        E       F      G
               +--------+--------+--------+--------+--------+-----+--------+
         Total |   4255 |   4246 |      9 |   2323 |   1534 |   2 | 2127.5 |
       Dungeon |   4255 |   4246 |      9 |   2323 |   1534 |   2 | 2127.5 |
               +--------+--------+--------+--------+--------+-----+--------+

Top non-repeatable levels by time:
     D:1: 2221 daAuts
     D:2: 2034 daAuts
